AoeStats
← PiscoCAPEL777

Fortress

508997968Analyzed
3v3 RM · 7d ago on Sep 25, 2026· 85m 51s· 6 players
Game mode
Random Map
Map size
Large (8 player)
Population
200
Speed
Normal
Resources
Standard
Victory
Conquest
Starting age
Dark Age
Ending age
Imperial Age
RankedLock teamsTeams togetherTeam positionsShared explorationLock speedFull tech treeHidden civsTurbo modeCheats
Victory
Defeat
🇺🇸 Varangians · United States
902
+16
🇨🇱 Franks · Chile
863
+18
🇲🇽 Cumans · Mexico
831
+19
🇨🇱 Italians · Chile
955
-19
🇨🇱 Burgundians · Chile
949
-20
🇨🇱 Vietnamese · Chile
804
-14
UnleashHeck
1:16 Loom
7:33 Feudal Age
8:17 Double-Bit Axe
14:47 Castle Age
12:47 Gold Mining
13:35 Bloodlines
14:20 Forging
14:52 Horse Collar
16:00 Heavy Plow
17:12 Stone Mining
18:42 Husbandry
22:23 Vendel Legacy
32:36 Imperial Age
31:29 Iron Casting
31:00 Scale Barding Armor
32:49 Cavalier
34:19 Conscription
36:34 Light Cavalry
38:01 Elite Skirmisher
39:40 Wheelbarrow
39:35 Bow Saw
41:01 Town Watch
43:35 Caravan
45:18 Padded Archer Armor
45:08 Fletching
46:13 Gothikon
48:52 Leather Archer Armor
51:15 Two-Man Saw
50:51 Ballistics
51:32 Chemistry
53:08 Bodkin Arrow
53:03 Hussar
55:03 Masonry
55:33 Onager
59:45 Architecture
60:48 Hand Cart
60:36 Capped Ram
61:45 Siege Ram
62:28 Guard Tower
65:00 Town Patrol
65:10 Elite Jarl
67:44 Bracer
71:25 Ring Archer Armor
76:52 Chain Barding Armor
77:33 Blast Furnace
76:33 Scale Mail Armor
80:30 Cranequins
80:31 Heavy Mounted Crossbowman
82:20 Siege Engineers
82:26 Fortified Wall
kunjos95
10:21 Feudal Age
13:09 Gold Mining
16:20 Horse Collar
17:06 Double-Bit Axe
23:28 Castle Age
21:35 Stone Mining
22:14 Fletching
22:29 Scale Barding Armor
22:25 Scale Mail Armor
22:36 Forging
23:36 Bloodlines
27:14 Steppe Husbandry
28:16 Heavy Plow
29:11 Masonry
29:26 Chain Barding Armor
29:05 Bodkin Arrow
32:26 Imperial Age
30:36 Ballistics
30:09 Heated Shot
30:37 Chain Mail Armor
31:07 Iron Casting
32:44 Bow Saw
33:06 Padded Archer Armor
34:14 Conscription
34:10 Cavalier
35:43 Plate Mail Armor
36:25 Blast Furnace
40:10 Town Watch
41:04 Wheelbarrow
41:42 Heavy Cavalry Archer
45:54 Gold Shaft Mining
46:36 Two-Man Saw
46:20 Parthian Tactics
47:32 Thumb Ring
47:38 Capped Ram
49:31 Siege Ram
50:03 Light Cavalry
50:59 Town Patrol
51:17 Hand Cart
51:26 Caravan
52:37 Hussar
54:43 Crossbowman
63:54 Crop Rotation
65:19 Elite Kipchak
75:58 Elite Skirmisher
77:41 Cuman Mercenaries
81:24 Paladin
nguerrah99
0:29 Loom
8:47 Feudal Age
9:22 Gold Mining
9:21 Double-Bit Axe
9:29 Stone Mining
9:38 Town Watch
16:57 Castle Age
18:41 Wheelbarrow
19:30 Husbandry
19:38 Scale Barding Armor
19:44 Forging
18:57 Ordonnance Companies
20:36 Fortified Wall
21:34 Chain Barding Armor
22:56 Iron Casting
23:13 Hand Cart
24:30 Bow Saw
24:58 Gold Shaft Mining
23:53 Pikeman
24:34 Squires
26:49 Caravan
30:58 Fervor
31:20 Murder Holes
31:06 Treadmill Crane
34:54 Imperial Age
32:36 Elite Skirmisher
34:16 Padded Archer Armor
34:07 Fletching
35:44 Leather Archer Armor
35:25 Bodkin Arrow
37:05 Chemistry
36:25 Cavalier
37:43 Plate Barding Armor
38:10 Blast Furnace
37:47 Paladin
47:11 Conscription
46:46 Cranequins
53:48 Heavy Mounted Crossbowman
55:00 Scale Mail Armor
54:44 Halberdier
56:25 Chain Mail Armor
57:43 Plate Mail Armor
64:21 Arson
74:35 Town Patrol
75:33 Hoardings
75:18 Chivalry
76:53 Elite Throwing Axeman
76:58 Light Cavalry
79:27 Siege Engineers
79:42 Ballistics
79:35 Masonry
79:17 Guard Tower
79:12 Arrowslits
80:29 Coinage
85:55 Architecture
85:34 Man-at-Arms
86:00 Gambesons
86:34 Careening
86:35 Clinker Construction
86:30 Siphons
Milaneso420
1:24 Loom
8:20 Feudal Age
9:32 Horse Collar
9:47 Double-Bit Axe
9:32 Man-at-Arms
10:08 Gold Mining
10:09 Stone Mining
11:13 Wheelbarrow
13:32 Forging
13:23 Scale Mail Armor
19:27 Castle Age
18:30 Arson
18:55 Scale Barding Armor
18:51 Padded Archer Armor
18:42 Fletching
19:29 Pikeman
20:10 Squires
21:51 Long Swordsman
23:10 Iron Casting
22:51 Chain Mail Armor
25:43 Hand Cart
44:04 Imperial Age
42:22 Stone Shaft Mining
45:55 Halberdier
48:12 Elite Fire Lancer
49:57 Heavy Plow
49:20 Two-Handed Swordsman
52:18 Chatras
53:29 Town Watch
53:07 Champion
55:02 Plate Mail Armor
54:54 Chain Barding Armor
59:49 Elite Battle Elephant
62:25 Husbandry
PiscoCAPEL777
6:47 Feudal Age
7:59 Horse Collar
14:06 Castle Age
12:20 Fletching
12:31 Padded Archer Armor
24:31 Thumb Ring
27:39 Imperial Age
27:08 Bodkin Arrow
30:18 Heavy Plow
34:54 Chemistry
34:15 Ballistics
36:51 Elite Genoese Crossbowman
nicovc00
2:20 Double-Bit Axe
5:11 Loom
7:43 Feudal Age
6:37 Horse Collar
9:40 Bow Saw
13:51 Castle Age
12:09 Heavy Plow
12:32 Gold Mining
12:36 Stone Mining
14:16 Stone Shaft Mining
13:34 Gold Mining
17:45 Gold Shaft Mining
27:20 Wheelbarrow
27:25 Burgundian Vineyards
28:19 Husbandry
29:10 Hand Cart
31:47 Imperial Age
29:34 Hand Cart
29:56 Cavalier
31:34 Ballistics
33:34 Chemistry
33:16 Caravan
34:14 Paladin
36:00 Paladin
41:09 Forging
41:06 Padded Archer Armor
65:03 Squires
65:35 Pikeman
69:41 Halberdier
69:47 Elite Skirmisher
70:58 Fletching
72:58 Flemish Revolution
Connection lost

Rejoining the realm…

Still unreachable

The connection could not be restored.

Session expired

The server has moved on; the page needs a fresh start.